Unix NetHack Version 5.0.0-0 post-release - last build May 10 2026 23:12:36 (d1fa5d53e341ca933230fdaa984d921c805b60aa,branch:main).

Game began 2026-05-15 15:40:40, ended 2026-05-15 16:22:51.

Drastanta, lawful female human Samurai

             ---     -----
          ----.--- ---.|.---
         --......---.......|
       ---..-.....)).......--
       |....................--
       |............----.....--
       --<..........|  ---...(----
        |...........|    ---...(.|
        -----......--      ----.d--
            ---.----          ---@.
              ---               |Ge

Drastanta the Ronin    St:17 Dx:17 Co:18 In:8 Wi:9 Ch:7  Lawful
Dlvl:5  $:0  HP:0(53) Pw:18(18) AC:4  Xp:5 T:1865  Hungry  

Latest messages:
 What do you want to call? [ghp-rABFG or ?*] ?
 Call a bag called Bag2: Sack
 What do you want to use or apply? [p-uwxABI or ?*] ?
 You put 288 gold pieces into the bag called Sack.
 You put an uncursed banana into the bag called Sack.
 You put a gunyoki into the bag called Sack.
 You put an uncursed scroll labeled ELAM EBOW into the bag called Sack.
 You put a scroll labeled JUYED AWK YACC into the bag called Sack.
 You put a scroll labeled STRC PRST SKRZ KRK into the bag called Sack.
 You put an uncursed moonstone ring into the bag called Sack.
 You put an uncursed bag of tricks into the bag called Sack.
 You put an uncursed bag of tricks into the bag called Sack.
 You put an uncursed bag of tricks into the bag called Sack.
 You put an uncursed key into the bag called Sack.
 You put an uncursed leash into the bag called Sack.
 You put an uncursed magic marker into the bag called Sack.
 You put an uncursed magic marker into the bag called Sack.
 You put an uncursed osaku into the bag called Sack.
 You put an uncursed pair of lenses into the bag called Sack.
 You put a stethoscope into the bag called Sack.
 Hachi drops a whistle.
 You don't have anything to eat.
 What do you want to throw? [bcd or ?*] ?
 Never mind.
 What do you want to throw? [bcd or ?*] *
 In what direction? <esc>
 What do you want to throw? [bcd or ?*] *
 In what direction? 3
 The bag called Sack misses.
 You hear a muffled shatter.
 You hit the floating eye.
 You are frozen by the floating eye's gaze!
 The gnome hits!
 The gnome hits!
 The gnome hits!
 The gnome hits!
 The gnome hits!
 The gnome hits!
 The gnome hits!
 Hachi drops a whistle.
 The gnome hits!
 Hachi picks up a whistle.
 The gnome hits!
 The gnome hits!
 Hachi drops a whistle.
 The gnome hits!
 You die...
 Do you want your possessions identified? [ynq] (y) y
 Do you want to see your attributes? [ynq] (y) y
 Do you want an account of creatures vanquished? [ynaq] (y) q

Inventory:
 Weapons  (')')
  d - 32 +0 ya (in quiver)
  c - a +0 yumi (alternate weapon; not wielded)
  a - a +0 katana (weapon in right hand)
  b - a +0 wakizashi
 Armor    ('[')
  e - an uncursed rustproof +0 splint mail (being worn)

Drastanta the Samurai's attributes:

Background:
 You were a Ronin, a level 5 female human Samurai.
 You were lawful, on a mission for Amaterasu Omikami
 who was opposed by Raijin (neutral) and Susanowo (chaotic).
 You were right-handed.
 You were in the Gnomish Mines, on level 5.
 You entered the dungeon 1865 turns ago.
 You had 188 experience points, 132 more were needed to attain level 6.

Basics:
 You had 0 out of 53 hit points.
 You had all 18 energy points (spell power).
 Your armor class was 4.
 Your wallet was empty.
 Autopickup was off.

Final Characteristics:
 Your strength was 17 (limit:18/100).
 Your dexterity was 17 (limit:18).
 Your constitution was 18 (limit:18).
 Your intelligence was 8 (limit:18).
 Your wisdom was 9 (limit:18).
 Your charisma was 7 (limit:18).

Final Status:
 You were hungry.
 You were unencumbered.
 You were wielding a long sword.
 You had basic skill with long sword.

Final Attributes:
 You were devoutly aligned.
 You were warded.
 You were fast.
 You are dead.

Miscellaneous:
 You didn't encounter any bones levels.
 Total elapsed playing time was 40 minutes and 2 seconds.

Major events:
 Turn
    1: Drastanta the lawful female human Samurai entered the dungeon
  506: attained the rank of Ronin (level 3)
 1481: entered the Gnomish Mines
 1818: just blew up her bag of holding
 1865: killed by a gnome, while frozen by a floating eye's gaze

You didn't know any spells.

Skills:
 Fighting Skills
   martial arts      [Basic]
   two weapon combat [Unskilled]
   riding            [Unskilled]
 Weapon Skills
   dagger            [Unskilled]
   knife             [Unskilled]
   short sword       [Basic]
   broadsword        [Unskilled]
   long sword        [Basic]
   two-handed sword  [Unskilled]
   saber             [Unskilled]
   flail             [Unskilled]
   quarterstaff      [Unskilled]
   polearms          [Unskilled]
   spear             [Unskilled]
   lance             [Unskilled]
   bow               [Basic]
   shuriken          [Unskilled]
 Spellcasting Skills
   attack spells     [Unskilled]
   divination spells [Unskilled]
   clerical spells   [Unskilled]

Voluntary challenges:
 Character rerolling was not enabled.
 You were illiterate.
 You never genocided any monsters.
 You never polymorphed an object.
 You never changed form.
 You used no wishes.
Achievements:
 You entered a shop.
 You attained the rank of Ronin.
 You entered the Gnomish Mines.

 The Dungeons of Doom: levels 1 to 5
    Level 1:
       A sink.
    Level 2:
       A tool shop.
    Level 3:
       An altar to Amaterasu Omikami, a fountain.
    Level 4:
       Stairs down to The Gnomish Mines.
    Level 5:
 The Gnomish Mines:
    Level 5: <- You were here.
       Final resting place for
          you, killed by a gnome, while frozen by a floating eye's gaze.


Vanquished creatures:
  a large mimic
  a shrieker
  a gnome leader
  a homunculus
  a rabid rat
  3 orc zombies
  a wererat
  a werejackal
  2 coyotes
  a hobbit
  3 giant rats
  a cave spider
  a yellow mold
  5 gnomes
  a gnome zombie
  3 geckos
  5 jackals
  a fox
  a goblin
  2 sewer rats
  a grid bug
  2 bats
  3 lichens
  a kobold zombie
  6 newts
49 creatures vanquished.

No species were genocided or became extinct.

Game over:
                       ----------
                      /          \
                     /    REST    \
                    /      IN      \
                   /     PEACE      \
                  /                  \
                  |    Drastanta     |
                  |       0 Au       |
                  |   killed by a    |
                  |      gnome       |
                  |                  |
                  |                  |
                  |       2026       |
                 *|     *  *  *      | *
        _________)/\\_//(\/(/\)/\//\/|_)_______

Sayonara Drastanta the Samurai...

You died in The Gnomish Mines on dungeon level 5 with 1064 points,
and 0 pieces of gold, after 1865 moves.
You were level 5 with a maximum of 53 hit points when you died.

